 Dungeon Crawl Stone Soup version 0.29-a0-1065-g47a6bb87d6 (webtiles) character file.

Game seed: 4991917191546529770

53 wingedge the Conjurer (level 3, -3/49 HPs)
             Began as an Ogre Conjurer on Aug 19, 2022.
             Slain by Sigmund
             ... wielding a +0 scythe
              (9 damage)
             ... on level 2 of the Dungeon.
             The game lasted 00:05:01 (1484 turns).

wingedge the Conjurer (Ogre Conjurer)               Turns: 1484, Time: 00:05:01

Health: -3/49      AC:  3    Str: 13    XL:     3   Next: 87%
Magic:  1/7        EV:  9    Int: 19    God:
Gold:   73         SH:  0    Dex:  7    Spells: 4/8 levels left

rFire   . . .      SeeInvis .   d - +0 spear
rCold   . . .      Faith    .   (no shield)
rNeg    . . .      Spirit   .   a - +0 robe
rPois   +          Reflect  .   (helmet restricted)
rElec   .          Harm     .   (no cloak)
rCorr   .          Rampage  .   (gloves unavailable)
Will    .....                   (boots unavailable)
Stlth   ..........              (no amulet)
HPRegen 0.16/turn               i - ring of poison resistance
MPRegen 0.10/turn               (no ring)

@: berserking, very quick
A: large, unfitting armour, tough skin 1
a: no special abilities


You were on level 2 of the Dungeon.
You visited 1 branch of the dungeon, and saw 2 of its levels.

You collected 73 gold pieces.

Inventory:

Hand Weapons
 c - a +0 flail
 d - a +0 spear (weapon)
Armour
 a - a +0 robe (worn)
Jewellery
 i - a ring of poison resistance (left hand)
Scrolls
 e - a scroll of magic mapping
 g - a scroll of brand weapon {unknown}
Potions
 b - a potion of magic
 j - a potion of flight {unknown}
 k - a potion of lignification {unknown}


   Skills:
 - Level 1.0 Fighting
 - Level 2.0 Dodging
 - Level 1.4 Stealth
 - Level 3.0 Spellcasting
 - Level 4.0 Conjurations
 + Level 1.7 Hexes


You had 4 spell levels left.
You knew the following spells:

 Your Spells              Type           Power      Damage    Failure   Level
a - Magic Dart            Conj           72%        1d6       3%          1
b - Searing Ray           Conj           36%        2d5       4%          2
c - Slow                  Hex            36%        N/A       8%          1

Your spell library contained the following spells:

 Spells                   Type           Power      Damage    Failure   Level
 Dazzling Flash           Conj/Hex       26%        N/A       14%         3
 Confusing Touch          Hex            9%         N/A       22%         3
 Vampiric Draining        Necr           2%         2d6       41%         3
 Fulminant Prism          Conj/Hex       6%         3d7       43%         4
 Iskenderun's Mystic Bla  Conj/Tloc      10%        2d4       54%         4


Dungeon Overview and Level Annotations

Branches:
Dungeon (2/15)

Altars:

Annotations:
D:2 Sigmund


Innate Abilities, Weirdness & Mutations

You are too large for most types of armour.
You have tough skin. (AC +1)


Message History

Confirm with . or Enter, or press ? or * to list all spells.
You don't know that spell.
Casting: Magic Dart (safe; 3% risk of failure)
Confirm with . or Enter, or press ? or * to list all spells.
Okay, then.
Casting: Magic Dart (safe; 3% risk of failure)
Confirm with . or Enter, or press ? or * to list all spells.
Okay, then.
Unknown command.
Unknown command.
Casting: Magic Dart (safe; 3% risk of failure)
Confirm with . or Enter, or press ? or * to list all spells.
Aiming: Searing Ray (safe; 4% risk of failure)
Press: ? - help, Shift-Dir - straight line You miscast Searing Ray.
You are very lightly contaminated with residual magic.
Nothing appears to happen.
Casting: Searing Ray (safe; 4% risk of failure)
Confirm with . or Enter, or press ? or * to list all spells.
Aiming: Searing Ray (safe; 4% risk of failure)
Press: ? - help, Shift-Dir - straight line The searing ray hits something. (Press . to maintain the ray.)
The searing ray hits something.
Something hits you!
You miss something. Something hits you!
As you read the scroll of identify, it crumbles to dust.
f - a potion of berserk rage Something hits you.
A red film seems to cover your vision as you go berserk!
You feel yourself moving faster!
You feel mighty!
You closely miss something. Something hits you.
You barely miss something.
Your magical contamination has completely faded away.
You puncture something! Something hits you!
* * * LOW HITPOINT WARNING * * *
You miss something. You barely miss something.
Something hits you but does no damage.
You barely miss something. You completely miss something. Something hits you!
You die...

##.# # #.# #... #.#
#.####.# #..# #.##
###.#....# #... #..#
#........# ##>#. ##.#
#.#.#.†.†########....
#.#
#.#.##.#..........#..
#.#
#.#.##.##########...#
#.#######.#.#...#####
##.##
#.........{@....†....#
#.#
#..######.#.#...####.#
#.# #..# #.#.#.###
#.## #..# #.#.#.# #...
#..######.#.#.## ####
#.......#.#....#
##.####....##..# #.#
#.#..##..#
#.####.##†##..#


There were no monsters in sight!

Vanquished Creatures
  An adder (D:2)
  4 dart slugs
  5 ball pythons
  An endoplasm (D:2)
  2 giant cockroaches
  3 goblins (D:1)
  3 hobgoblins
  3 jackals (D:1)
  2 quokkas
  A bat (D:1)
  3 frilled lizards
  4 kobolds
  2 rats (D:2)
34 creatures vanquished.

Notes
Turn   | Place    | Note
-------+----------+-------------------------------------------
     0 | D:1      | wingedge the Ogre Conjurer began the quest for the Orb.
     0 | D:1      | Reached XP level 1. HP: 16/16 MP: 3/3
    96 | D:1      | Reached skill level 1 in Fighting
    97 | D:1      | Found a faded altar of an unknown god.
   190 | D:1      | Reached XP level 2. HP: 27/27 MP: 3/5
   687 | D:1      | Learned a level 2 spell: Searing Ray
   689 | D:1      | Learned a level 1 spell: Slow
   779 | D:1      | Reached skill level 4 in Conjurations
   779 | D:1      | Reached XP level 3. HP: 33/33 MP: 2/7
  1131 | D:2      | Reached skill level 1 in Hexes
  1445 | D:2      | Noticed Sigmund
  1484 | D:2      | Slain by Sigmund

Illustrated notes

Levels and vault maps discovered:
D:1:      co_arrival_square_in_a_square_in_a_square, layout_loops_ring,
          basic_ecumenical_altar
D:2:      layout_loops_ring, serial_shops, shop, minmay_small_reverse_x,
          uniq_sigmund

Skill      XL: |  1  2  3 |
---------------+----------+-----
Fighting       | 1 |  1.0
Dodging        | 2 |  2.0
Spellcasting   | 3 |  3.0
Conjurations   | 4 |  4.0
Hexes          | 1 |  1.7
Stealth        | |  1.4

Action                   || total
-------------------------++-------
Melee: Spear             ||    35
 Cast: Magic Dart        ||    39
       Searing Ray       ||     9
  Use: Scroll            ||     2
       Potion            ||     1
Armor: Robe              ||    12
Dodge: Dodged            ||    18

Table legend: (Time is in decaauts)
 A = Elapsed time spent in this place.
 B = Non-inter-level travel time spent in this place.
 C = Inter-level travel time spent in this place.
 D = Time resting spent in this place.
 E = Time spent auto-exploring this place.
 F = Levels seen in this place.
 G = Mean time per level.
                   A        B        C        D        E       F      G
               +--------+--------+--------+--------+--------+-----+--------+
         Total |   1484 |   1475 |      9 |    248 |    960 |   2 |  742.0 |
       Dungeon |   1484 |   1475 |      9 |    248 |    960 |   2 |  742.0 |
               +--------+--------+--------+--------+--------+-----+--------+

Top non-repeatable levels by time:
     D:1: 909 daAuts
     D:2: 574 daAuts
